Santi, chaotic female elven Wizard --- .. --- ..- -----..| -..--.--...| -.......@G- -......--..| --.-.--.-| | |.......| | ----------.... ---....G-- ---- |........................-- |..| -- -------- ----* --....-----.-- -- --.|...||..| -----.--..| |.....--- ---.-...| |.....- ---......| |..----- ---- Santi the Evoker Experience level: 1 Strength: 8 Dexterity: 14 Constitution: 14 Intelligence: 20 Wisdom: 10 Charisma: 9 Health: 0(11) Energy: 9(9) AC: 8 Gold: 449 Moves: 457 Your Inventory: Coins $ - 449 gold pieces Weapons a - a blessed +1 quarterstaff u - an [uncursed +0] crude dagger [orcish] v - an [uncursed +0] dagger (weapon in hand) Armor b - an uncursed +0 cloak of magic resistance (being worn) t - an [uncursed] +0 iron skull cap [orcish helm] (being worn) Scrolls i - a blessed scroll of identify j - an uncursed scroll of taming k - an uncursed scroll of create monster p - an [uncursed] scroll labeled VELOX NEB [of destroy armor] Spellbooks l - a blessed spellbook of force bolt m - an uncursed spellbook of magic missile q - an [uncursed] ragged spellbook [of cure sickness] Potions f - an uncursed potion of gain ability g - an uncursed potion of levitation h - an uncursed potion of oil Rings d - an uncursed +2 ring of gain intelligence e - an uncursed ring of poison resistance Wands c - an uncursed wand of opening (0:8) Tools n - an uncursed blindfold o - an uncursed leather drum s - an [uncursed] stethoscope w - an [uncursed] leash x - a [cursed] brass lantern Gems r - an [uncursed] orange gem [worthless glass] Spells known in the end: Name Level Category Fail Memory a - force bolt 1 attack 0% [||||||||] b - magic missile 2 attack 0% [||||||||] Your skills at the end: Fighting Skills Weapon Skills quarterstaff [Basic / Expert] Spellcasting Skills attack spells [Basic / Expert] enchantment spells [Basic / Skilled] Final Attributes: You were stridently aligned. Hunger level was 425. Your alignment was 5 / 12. Monster difficulty range was 0 - 2. Level difficulty was 3. You were magic-protected. You saw invisible. You had infravision. Your luck was zero. You are dead. Vanquished creatures: a dwarf 2 coyotes 2 hobbits 2 gnomes a jackal a goblin 2 grid bugs 3 newts 14 creatures vanquished. Voluntary challenges: You were an atheist. You went without food. You never hit with a wielded weapon. You read items or engraved 81 times. You put on armor 2 times. You never genocided any monsters. You never polymorphed an object. You never changed form. You used no wishes. You wrote Elbereth's name 60 times. You never encountered a bones level. You never used any Sokoban shortcuts. Dungeon overview: The Dungeons of Doom: levels 1 to 3 Level 1 a long staircase Level 2 a fountain stairs to The Gnomish Mines The Gnomish Mines: Level 3 <- You were here stairs to The Dungeons of Doom History has recorded: On T:1 you entered the Dungeons of Doom to retrieve the Amulet of Yendor! On T:73 you reached level 2 of The Dungeons of Doom. On T:125 you reached level 3 of The Dungeons of Doom. On T:351 you reached level 1 of The Gnomish Mines. Latest messages: The dagger hits the gnome. The gnome is killed! The gnome turns to flee! (2x) You add "Elbereth" with your fingers to the writing in the dust. (2x) The gnome picks up a dagger. You write "Elbereth" with your fingers into the dust. You add "Elbereth" with your fingers to the writing in the dust. (2x) The gnome turns to flee! You add "Elbereth" with your fingers to the writing in the dust. (2x) The goblin turns to flee! [HP+1=5] You add "Elbereth" with your fingers to the writing in the dust. (2x) The goblin turns to flee! You write "Elbereth" with your fingers into the dust. You add "Elbereth" with your fingers to the writing in the dust. The gnome turns to flee! The gnome wields 5 daggers! The gnome shoots an arrow! You are hit by an arrow. [HP-1=4] The gnome hits! You die... Final status: Goodbye Santi the Wizard... You died in The Gnomish Mines on dungeon level 3 with 509 points, and 449 pieces of gold, after 457 moves. You were level 1 with a maximum of 11 hit points when you died.